 Dungeon Crawl Stone Soup version 0.22.0-38-g04b72b8c25 (webtiles) character file.

42212 talas the Corrupter of Planes (level 13, -3/104 HPs)
             Began as a Demonspawn Abyssal Knight on Aug 26, 2018.
             Was the Champion of Lugonu.
             Killed from afar by an orc sorcerer (16 damage)
             ... with a bolt of negative energy
             ... led by an orc knight
             ... while paralysed by an orc sorcerer
             ... on level 2 of the Orcish Mines.
             The game lasted 02:59:19 (27161 turns).

talas the Corrupter of Planes (DsAK)               Turns: 27161, Time: 02:59:21

Health: -3/104     AC: 13    Str: 17    XL:     13   Next: 84%
Magic:  0/22       EV:  2    Int: 14    God:    Lugonu [******]
Gold:   2106       SH:  0    Dex: 21    Spells: 12/12 levels left

rFire    . . .     SeeInvis .   z - +4 dagger (venom)
rCold    . . .     Gourm    .   C - +0 buckler
rNeg     . . .     Faith    .   S - +0 troll leather armour
rPois    .         Spirit   +   (helmet restricted)
rElec    .         Reflect  +   I - scarf {repulsion}
rCorr    .         Harm     .   x - +2 pair of gloves
MR       .....                  m - +0 pair of boots
Stlth    +++++.....             A - +3 amulet of reflection
HPRegen  0.67/turn              F - +4 ring of strength
MPRegen  0.36/turn              P - +5 ring of protection

@: paralysed, drained, repel missiles
A: antennae 2, thin skeletal structure 2, foul stench 1, magic shield, magic
regeneration, rot immunity
a: Depart the Abyss, Bend Space, Banish, Corrupt, Enter the Abyss, Brand Weapon
With Distortion, Renounce Religion


You were on level 2 of the Orcish Mines.
You worshipped Lugonu.
Lugonu was exalted by your worship.
You were not hungry.

You visited 3 branches of the dungeon, and saw 20 of its levels.
You visited the Abyss 1 time.
You also visited: Bailey.

You collected 2301 gold pieces.
You spent 195 gold pieces at shops.

Inventory:

Hand Weapons
 z - a +4 dagger of venom (weapon)
Missiles
 j - 67 poisoned needles
 v - 2 needles of confusion
 B - 9 curare-tipped needles
 G - 3 poisoned javelins (quivered)
Armour
 m - a +0 pair of boots (worn)
 x - a +2 pair of gloves (worn)
 C - a +0 buckler (worn)
 I - a scarf of repulsion (worn)
 S - a +0 troll leather armour (worn)
Jewellery
 t - an uncursed amulet of the gourmand
 A - a +3 amulet of reflection (around neck)
 E - an uncursed ring of fire
 F - a +4 ring of strength (left hand)
 O - an uncursed ring of see invisible
 P - a +5 ring of protection (right hand)
Wands
 g - a wand of digging (9)
 y - a wand of polymorph (12)
 L - a wand of flame (31)
 M - a wand of iceblast (6)
 V - a wand of paralysis (8)
Scrolls
 a - 2 scrolls of enchant weapon
 b - a scroll of acquirement {unknown}
 d - 5 scrolls of amnesia
 e - a scroll of magic mapping
 k - a scroll of random uselessness {unknown}
 l - 5 scrolls of teleportation
 n - 2 scrolls of fear
 u - 2 scrolls of fog
 w - a scroll of enchant armour {unknown}
 J - 4 scrolls of remove curse
 N - a scroll of vulnerability {unknown}
 Q - a scroll of identify
 R - a scroll of torment {unknown}
 W - a scroll of blinking
 Y - a scroll of brand weapon {unknown}
Potions
 h - 4 potions of mutation {unknown}
 i - a potion of lignification {unknown}
 o - 2 potions of might {unknown}
 p - 2 potions of ambrosia {unknown}
 q - 5 potions of haste
 r - 2 potions of heal wounds
 s - 6 potions of curing
 H - a potion of brilliance {unknown}
 T - a potion of flight {unknown}
 U - a potion of invisibility {unknown}
 X - a potion of berserk rage
Miscellaneous
 f - a phial of floods
Comestibles
 c - 39 rations


   Skills:
 + Level 10.6(9.4) Fighting
 + Level 9.4(8.3) Short Blades
   Level 2.0(5.1) Long Blades
 + Level 7.5(6.3) Throwing
 - Level 2.0(1.0) Armour
 + Level 9.4(8.2) Dodging
 + Level 10.1(8.9) Stealth
 - Level 4.1(3.0) Shields
 - Level 12.8(11.4) Invocations


You had 12 spell levels left.
You didn't know any spells.
Your spell library contained the following spells:

 Spells                   Type           Power        Failure   Level  Hunger
 Animate Skeleton         Necr           N/A          36%         1    ##.....
 Apportation              Tloc           #.....       36%         1    ##.....
 Beastly Appendage        Tmut           #.....       36%         1    ##.....
 Confusing Touch          Hex            #.....       36%         1    ##.....
 Magic Dart               Conj           #...         36%         1    ##.....
 Summon Butterflies       Summ           #.......     36%         1    ##.....
 Summon Small Mammal      Summ           #...         36%         1    ##.....
 Searing Ray              Conj           #.....       52%         2    ###....
 Sticks to Snakes         Tmut           #.......     52%         2    ###....
 Call Canine Familiar     Summ           #.......     75%         3    ####...
 Confuse                  Hex            #.......     75%         3    ####...
 Dazzling Spray           Conj/Hex       #.....       75%         3    ####...
 Gell's Gravitas          Tloc           #.........   75%         3    ####...
 Spider Form              Tmut/Pois      #.........   75%         3    ####...
 Force Lance              Conj/Tloc      #.......     98%         4    #####..
 Fulminant Prism          Conj/Hex       #.........   98%         4    #####..
 Ice Form                 Ice/Tmut       #.......     98%         4    #####..
 Iskenderun's Mystic Bla  Conj           #.......     98%         4    #####..
 Petrify                  Tmut/Erth      #.......     98%         4    #####..
 Summon Ice Beast         Ice/Summ       #.......     98%         4    #####..
 Blade Hands              Tmut           #.........   100%        5    ######.
 Metabolic Englaciation   Hex/Ice        #.........   100%        5    ######.
 Summon Mana Viper        Hex/Summ       #.......     100%        5    ######.
 Yara's Violent Unravell  Hex/Tmut       #.........   100%        5    ######.
 Malign Gateway           Summ/Tloc      #.........   100%        7    #######
 Monstrous Menagerie      Summ           #.........   100%        7    #######
 Summon Greater Demon     Summ           #.........   100%        7    #######
 Summon Hydra             Summ           #.........   100%        7    #######
 Summon Horrible Things   Summ           #.........   100%        8    #######


Dungeon Overview and Level Annotations

Branches:
Dungeon (12/15)            Temple (0/1) D:4            Lair (6/6) D:10
  Swamp (0/4) Lair:4       Spider (0/4) Lair:4        Slime (0/5) Lair:5
    Orc (2/2) D:12            Elf (0/3) Orc:2

Altars:
Makhleb
Sif Muna
Vehumet
Yredelemnul
Beogh

Shops:
D:5 (   D:8 !

Annotations:
D:9 3 runed doors, rumpelstilzz's ghost, novice CeFi
D:11 exclusions: cyclops and 2 wights
Lair:4 Kirke


Innate Abilities, Weirdness & Mutations

You have a pair of antennae on your head.
You have a moderately thin skeletal structure. (Dex +4, Stealth+)
You may emit foul miasma when damaged in melee.
When hurt, damage is shared between your health and your magic reserves.
You regenerate magic rapidly.
You are immune to rotting.


Message History

The orcs go into a battle-frenzy!
The orc warrior hits you with a dire flail!
The orc warrior hits you from afar with a glaive!!
The orc sorcerer hits you but does no damage.
The orc sorcerer looks sick.
The orc sorcerer gestures at you while chanting.
Helpless, you fail to dodge the bolt of negative energy.
You feel drained. The orc hits you.
The orc knight hits you but does no damage.
The orc knight looks sick.
The orc warrior hits you with a dire flail!
* * * LOW HITPOINT WARNING * * *
The orc warrior hits you from afar with a glaive!!
* * * LOW HITPOINT WARNING * * *
The orc sorcerer hits you with a dagger.
* * * LOW HITPOINT WARNING * * *
The orc sorcerer points at you and mumbles some strange words.
Helpless, you fail to dodge the bolt of negative energy.
You feel drained.
You die...

,,,,,,,,...#....#**##..,,,,,,,,,,
,,**,*,,........#*#.....,,,,,,,,,
,,**,,,,........##......,,,,,,...
,,,,,,,,...._.....#.....,,,,,,...
,,,,,,,,................,,,,*,...
,,**,,,,...............#,,,,,,...
,,**,,,,........4....#****,,,,...
,,,,,,,,........ooo..# ****,#.#
,,,,,,,,......##@o..## **,...
,,,,,,,,.....,#.oo..#* *,,...
,,,,,,,,....,........# **,...
,,,,,,,,............## **...
,,,,,,,,............# *,...
,,,,,,,,$.....#....## **...
,,,,,,,,,...........* *#.*
,,,,,,,,,...........#** #*#
,,,,,,,,,,,,,,,,,,,,*,** #


You could see an orc knight, a rust devil, 2 orc sorcerers, 2 orc warriors and
an orc.

Vanquished Creatures
  An ogre mage (Orc:1)
  2 catoblepae (Lair:4)
  3 hydras
  A merfolk avatar (Lair:6)
  5 two-headed ogres
  A lindwurm (Lair:3)
  An orc knight (Orc:1)
  An orb spider (Lair:4)
  An orc sorcerer (Orc:2)
  3 manticores
  8 elephants
  3 black mambas
  Joseph (D:8)
  11 spiny frogs
  6 komodo dragons
  7 rime drakes
  8 hornets
  3 polar bears
  2 trolls
  Prince Ribbit (D:8)
  A wind drake (Lair:6)
  3 hippogriffs
  A wyvern (Lair:5)
  24 yaks
  4 hogs
  2 basilisks
  A steam dragon (D:10)
  3 wargs
  17 water moccasins
  11 porcupines
  4 black bears
  A hornet zombie (D:6)
  3 ice beasts
  2 sky beasts
  15 orc warriors
  2 phantoms
  8 ogres
  A necrophage (D:8)
  13 wolves
  4 centaurs
  13 crocodiles
  A big kobold (D:7)
  11 bullfrogs
  9 gnoll sergeants
  A water moccasin zombie (D:7)
  A wyvern skeleton (D:11)
  4 scorpions
  6 killer bees (D:8)
  A wight (D:9)
  4 howler monkeys
  3 crimson imps
  3 bullfrog zombies
  4 hounds
  2 jellies
  A quasit (D:8)
  A bullfrog skeleton (D:4)
  10 orc priests
  A centaur skeleton (D:4)
  9 orc wizards
  6 gnoll shamans (Bailey)
  5 worker ants
  A howler monkey skeleton (D:9)
  A worker ant zombie (D:9)
  19 gnolls
  12 adders
  3 shadow imps
  2 adder zombies (D:7)
  2 adder skeletons
  3 worms
  6 dart slugs
  10 leopard geckos
  44 orcs
  A ball python (D:3)
  5 giant cockroaches
  6 goblins
  6 hobgoblins
  10 jackals
  5 quokkas
  6 bats
  5 frilled lizards
  12 kobolds
  8 rats
  A spectral orc (D:6)
  A plant (Lair:5)
454 creatures vanquished.

Vanquished Creatures (others)
  A two-headed ogre (D:9)
  A centaur (D:12)
  An orc (Orc:2)
  2 bushes
  23 fungi
  41 plants
69 creatures vanquished.

Grand Total: 523 creatures vanquished

Notes
Turn   | Place    | Note
-------+----------+-------------------------------------------
     0 | Abyss:1  | talas the Demonspawn Abyssal Knight began the quest for the Orb.
     0 | Abyss:1  | Reached XP level 1. HP: 18/18 MP: 2/2
    27 | D:1      | Escaped the Abyss
   226 | D:1      | Gained mutation: You have a somewhat thin skeletal structure. (Dex +2, Stealth) [demonic ancestry]
   226 | D:1      | Reached XP level 2. HP: 24/24 MP: 4/4
   374 | D:1      | Reached skill level 1 in Dodging
   570 | D:1      | Reached skill level 3 in Invocations
   651 | D:1      | Reached XP level 3. HP: 29/29 MP: 5/5
  1268 | D:2      | Reached ** piety under Lugonu
  1283 | D:2      | Noticed a scorpion
  1964 | D:2      | Reached skill level 1 in Short Blades
  1964 | D:2      | Reached skill level 1 in Stealth
  2146 | D:2      | Gained mutation: You have a pair of small antennae on your head. [demonic ancestry]
  2146 | D:2      | Reached XP level 4. HP: 35/35 MP: 6/6
  2444 | D:3      | Found a deep blue altar of Sif Muna.
  2596 | D:3      | Noticed an ice beast
  3218 | D:4      | Gained mutation: You have a moderately thin skeletal structure. (Dex +4, Stealth+) [demonic ancestry]
  3218 | D:4      | Reached XP level 5. HP: 38/42 MP: 7/7
  3458 | D:4      | Reached skill level 4 in Invocations
  3501 | D:4      | Noticed a phantom
  3894 | D:4      | Found a staircase to the Ecumenical Temple.
  3993 | D:5      | Entered Level 5 of the Dungeon
  4047 | D:5      | Reached *** piety under Lugonu
  4293 | D:5      | Gained mutation: You are immune to rotting. [demonic ancestry]
  4293 | D:5      | Reached XP level 6. HP: 41/48 MP: 9/9
  4369 | D:5      | Found Woimipp's Weapon Shop.
  4612 | D:5      | Noticed an orc warrior
  4712 | D:6      | Noticed an orc warrior
  4766 | D:6      | Noticed a steam dragon
  4802 | D:5      | Reached skill level 1 in Shields
  5543 | D:6      | Gained mutation: When hurt, damage is shared between your health and your magic reserves. [demonic ancestry]
  5543 | D:6      | Reached XP level 7. HP: 36/54 MP: 10/10
  5695 | D:6      | Found a basalt altar of Yredelemnul.
  5798 | D:6      | Reached skill level 5 in Invocations
  7743 | D:7      | Gained mutation: You have a pair of antennae on your head. [demonic ancestry]
  7743 | D:7      | Reached XP level 8. HP: 57/61 MP: 12/12
  8002 | D:7      | Reached skill level 5 in Fighting
  8014 | D:7      | Reached skill level 6 in Invocations
  8399 | D:7      | Noticed a hippogriff
  8629 | D:7      | Reached **** piety under Lugonu
  8862 | D:7      | Killed a hippogriff
  9004 | D:8      | Gained mutation: You regenerate magic rapidly. [demonic ancestry]
  9004 | D:8      | Reached XP level 9. HP: 39/69 MP: 9/14
  9030 | D:8      | Reached skill level 7 in Invocations
  9189 | D:8      | Noticed Prince Ribbit
  9199 | D:8      | Killed Prince Ribbit
  9250 | D:8      | Noticed Joseph
  9268 | D:8      | Killed Joseph
  9268 | D:8      | Reached skill level 5 in Stealth
  9506 | D:8      | Reached skill level 5 in Dodging
  9560 | D:8      | Found a flagged portal.
  9563 | Bailey   | Entered a bailey
  9596 | Bailey   | Reached skill level 5 in Short Blades
  9865 | Bailey   | Reached skill level 8 in Invocations
 10852 | Bailey   | Reached XP level 10. HP: 39/77 MP: 5/16
 11257 | D:8      | Reached skill level 1 in Throwing
 11464 | D:8      | Found Jolaog's Distillery.
 11470 | D:8      | Bought a potion of haste for 130 gold pieces
 11470 | D:8      | Bought a potion of heal wounds for 65 gold pieces
 12801 | D:9      | Found a runed gate.
 12820 | D:9      | Found a radiant altar of Vehumet.
 12843 | D:9      | Noticed a two-headed ogre
 12844 | D:9      | Banished a two-headed ogre
 12844 | D:9      | Reached skill level 9 in Invocations
 13146 | D:9      | Found a burning altar of Makhleb.
 13275 | D:9      | Found a runed gate.
 13275 | D:9      | Found a runed gate.
 13275 | D:9      | Noticed rumpelstilzz's ghost (novice CeFi)
 13583 | D:10     | Entered Level 10 of the Dungeon
 14367 | D:10     | Reached ***** piety under Lugonu
 15172 | D:10     | Found a staircase to the Lair.
 15207 | D:10     | Gained mutation: You may emit foul miasma when damaged in melee. [demonic ancestry]
 15207 | D:10     | Reached XP level 11. HP: 71/86 MP: 13/18
 15241 | D:10     | Paralysed by a hornet for 2 turns
 15450 | Lair:1   | Entered Level 1 of the Lair of Beasts
 15719 | Lair:1   | Reached skill level 10 in Invocations
 17508 | Lair:3   | Noticed a six-headed hydra
 17515 | Lair:3   | Killed a six-headed hydra
 18114 | Lair:3   | Reached XP level 12. HP: 94/94 MP: 20/20
 18125 | Lair:3   | Noticed a four-headed hydra
 18130 | Lair:3   | Killed a four-headed hydra
 18130 | Lair:3   | Reached skill level 5 in Throwing
 18130 | Lair:3   | Reached skill level 11 in Invocations
 18715 | Lair:4   | Noticed a catoblepas
 18744 | Lair:4   | Killed a catoblepas
 19207 | Lair:4   | Noticed a catoblepas
 19232 | Lair:4   | Killed a catoblepas
 19236 | Lair:4   | Found a staircase to the Swamp.
 19355 | Lair:4   | Found a hole to the Spider Nest.
 19946 | Lair:4   | Noticed Kirke
 20560 | Lair:5   | Reached skill level 12 in Invocations
 20564 | Lair:5   | Found a staircase to the Slime Pits.
 21456 | Lair:6   | Entered Level 6 of the Lair of Beasts
 21616 | Lair:6   | Reached XP level 13. HP: 78/103 MP: 16/22
 22110 | Lair:6   | Reached skill level 10 in Fighting
 24977 | D:12     | Reached ****** piety under Lugonu
 25058 | D:12     | Found a staircase to the Orcish Mines.
 25667 | Orc:1    | Entered Level 1 of the Orcish Mines
 26170 | Orc:1    | Found a roughly hewn altar of Beogh.
 26640 | Orc:1    | Reached skill level 10 in Stealth
 27119 | Orc:2    | Entered Level 2 of the Orcish Mines
 27153 | Orc:2    | Found a roughly hewn altar of Beogh.
 27155 | Orc:2    | Paralysed by an orc sorcerer for 6 turns
 27161 | Orc:2    | Killed from afar by an orc sorcerer

Skill      XL: |  1  2  3  4  5  6  7  8  9 10 11 12 13 |
---------------+----------------------------------------+-----
Armour         | 2 |  2.0
Long Blades    | 2 |  2.0
Dodging        | 1 2 3 4 5 6 7 8 9 |  9.4
Invocations    | 3 4 5 6 8 9 10 12 | 12.8
Short Blades   | 1 2 3 4 5 6 7 8 9 |  9.4
Stealth        | 1 2 3 4 5 6 8 9 10 | 10.1
Fighting       | 4 5 6 7 8 9 10 | 10.6
Shields        | 1 2 3 4 |  4.1
Throwing       | 3 4 6 7 |  7.5

Action                   |  1- 3 |  4- 6 |  7- 9 | 10-12 | 13-15 || total
-------------------------+-------+-------+-------+-------+-------++-------
Melee: Falchion          |   105 |    94 |       |       |       ||   199
       Dagger            |       |    93 |   412 |  1209 |   731 ||  2445
       Unarmed           |       |       |       |    21 |       ||    21
Throw: Stone             |     7 |       |       |       |       ||     7
       Javelin           |     5 |     1 |     9 |    10 |     5 ||    30
       Throwing net      |       |       |     5 |     2 |       ||     7
Invok: Bend Space        |       |       |       |     4 |     1 ||     5
       Banish            |       |       |       |     1 |       ||     1
Evoke: Wand              |       |       |       |     8 |       ||     8
  Use: Scroll            |       |     7 |     8 |     2 |     3 ||    20
       Potion            |       |     1 |     5 |     2 |     2 ||    10
 Stab: Sleeping          |     3 |     8 |     8 |    32 |     9 ||    60
       Held in net/web   |       |       |     2 |     1 |       ||     3
       Distracted        |       |       |     3 |     5 |     4 ||    12
  Eat: Chunk             |     4 |    17 |    21 |    22 |     6 ||    70
       Ration            |       |       |       |     2 |     3 ||     5
Armor: Leather armour    |    24 |    26 |    74 |    43 |       ||   167
       Ring mail         |       |     9 |       |       |       ||     9
       Troll leather arm |       |       |       |    96 |    77 ||   173
Dodge: Dodged            |    62 |   105 |   217 |   559 |   237 ||  1180
       Deflected         |       |       |       |       |     6 ||     6
Block: Buckler           |       |     5 |    96 |   296 |   150 ||   547
       Other             |       |       |       |     4 |       ||     4
       Reflection        |       |       |       |     1 |     9 ||    10
       Rpst.: Falchion   |    20 |    16 |       |       |       ||    36
